 Dungeon Crawl Stone Soup version 0.28-a0-861-ge64d6db94f (webtiles) character file.

Game seed: 6560029230884837207

226 mcbry74 the Cudgeller (level 5, -1/51 (54) HPs)
             Began as a Troll Gladiator on Nov 15, 2021.
             Slain by Duvessa (5 damage)
             ... on level 4 of the Dungeon.
             The game lasted 00:06:50 (1053 turns).

mcbry74 the Cudgeller (Troll Gladiator)             Turns: 1053, Time: 00:06:51

HP:   -1/51 (54)    AC:  5    Str: 22    XL:     5   Next: 69%
MP:   4/4           EV: 10    Int:  5    God:
Gold: 61            SH:  0    Dex: 11    Spells: 4/4 levels left

rFire   . . .      SeeInvis .   a - +0 flail
rCold   . . .      Faith    .   (no shield)
rNeg    . . .      Spirit   .   b - +0 robe
rPois   .          Reflect  .   c - +0 hat
rElec   .          Harm     .   l - +0 cloak
rCorr   .          Rampage  .   (gloves unavailable)
Will    .....                   (boots unavailable)
Stlth   +.........              (no amulet)
HPRegen 1.17/turn               (no ring)
MPRegen 0.09/turn               (no ring)

@: lit by a corona, glowing, drained
A: large, unfitting armour, claws 3, regeneration 1, shaggy fur 1, tough skin 1
a: no special abilities


You were on level 4 of the Dungeon.
You visited 1 branch of the dungeon, and saw 4 of its levels.

You collected 61 gold pieces.

Inventory:

Hand Weapons
 a - a +0 flail (weapon)
Missiles
 d - 3 throwing nets (quivered)
Armour
 b - a +0 robe (worn)
 c - a +0 hat (worn)
 l - a +0 cloak (worn)
Scrolls
 e - 4 scrolls of teleportation {unknown}
 g - 2 scrolls of noise {unknown}
 i - a scroll of identify {unknown}
 k - a scroll of blinking {unknown}
Potions
 f - a potion of mutation {unknown}
 h - a potion of brilliance {unknown}
 j - a potion of heal wounds {unknown}


   Skills:
 + Level 3.6 Fighting
 + Level 4.5 Maces & Flails
 - Level 1.7 Throwing
 - Level 2.4 Dodging


You had 4 spell levels left.
You didn't know any spells.
Your spell library contained the following spells:

 Spells                   Type           Power      Damage    Failure   Level
 Conjure Flame            Conj/Fire      0%         6-21      85%         3
 Ignite Poison            Fire/Tmut/Pois 0%         N/A       85%         3
 Sticky Flame             Conj/Fire      0%         2d3       99%         4


Dungeon Overview and Level Annotations

Branches:
Dungeon (4/15)
 Temple: D:4-7

Altars:

Shops:
D:4 (

Annotations:
D:3 1 transporter, vurker's ghost, amateur PaEn
D:4 Dowan; Duvessa


Innate Abilities, Weirdness & Mutations

You are too large for most types of armour.
You have claws for hands.
Your natural rate of healing is unusually fast.
You are covered in fur. (AC +1)
You have tough skin. (AC +1)


Message History

You see here 15 stones.
Duvessa hits you with a +0 rapier.
Dowan hits you with a +1 dagger of draining.
You feel drained.
Dowan hits you with a +1 dagger of draining.
You feel drained. Duvessa closely misses you.
Duvessa hits you with a +0 rapier!
Dowan casts a spell.
Dowan blinks!
Duvessa completely misses you.
Duvessa is no longer moving quickly.
Duvessa drinks a potion.
Duvessa seems to speed up.
Duvessa hits you with a +0 rapier. Duvessa hits you with a +0 rapier.
Duvessa hits you with a +0 rapier!
* * * LOW HITPOINT WARNING * * *
Duvessa barely misses you.
Dowan says, "My weaknesses are her strengths!"
Dowan gestures wildly while chanting.
Dowan blinks!
Duvessa hits you with a +0 rapier!
* * * LOW HITPOINT WARNING * * *
Found 19 bolts and 5 gold pieces.
Dowan gestures at you while chanting.
You are outlined in light.
Duvessa barely misses you.
Dowan gestures wildly while chanting.
Dowan blinks!
Duvessa barely misses you.
You see here 19 bolts.
Duvessa hits you with a +0 rapier.
* * * LOW HITPOINT WARNING * * *
Duvessa hits you but does no damage. Duvessa hits you with a +0 rapier.
* * * LOW HITPOINT WARNING * * *
Duvessa says, "Beauty is only skin deep, and my weapons penetrate much further than that."
Duvessa hits you with a +0 rapier!
* * * LOW HITPOINT WARNING * * *
Duvessa gestures with her weapon.
Duvessa hits you with a +0 rapier.
You die...

#.# # ... #. #.#
#.######.#
.........#########
.................#
.........##### #@#
........e....# #e#
........####.# #.#
........# #.# #.#
........# #.# #.#
......(.# #.# #.#
........# #.# #D#
........# #.# #.#
........# #.# #.#


You could see Duvessa (fast) and a steam dragon.

Vanquished Creatures
  Blork the orc (D:3)
  An orc priest (D:4)
  Jessica (D:3)
  2 orc wizards
  2 adders (D:2)
  An adder skeleton (D:4)
  A worm (D:2)
  6 orcs
  A ball python (D:3)
  A bat (D:2)
  An endoplasm (D:2)
  A giant cockroach (D:4)
  3 goblins
  A hobgoblin (D:2)
  3 jackals (D:4)
  2 kobolds
  2 quokkas
  2 frilled lizards
  A rat (D:1)
33 creatures vanquished.

Vanquished Creatures (others)
  A hobgoblin (D:4)
1 creature vanquished.

Grand Total: 34 creatures vanquished

Notes
Turn   | Place    | Note
-------+----------+-------------------------------------------
     0 | D:1      | mcbry74 the Troll Gladiator began the quest for the Orb.
     0 | D:1      | Reached XP level 1. HP: 19/19 MP: 0/0
   116 | D:2      | Reached skill level 3 in Maces & Flails
   116 | D:2      | Reached XP level 2. HP: 24/28 MP: 1/1
   207 | D:2      | Reached XP level 3. HP: 35/35 MP: 2/2
   293 | D:3      | Found a transporter.
   296 | D:3      | Noticed vurker's ghost (amateur PaEn)
   527 | D:3      | Noticed Jessica
   533 | D:3      | Killed Jessica
   543 | D:4      | Noticed Blork the orc
   549 | D:3      | Reached XP level 4. HP: 44/44 MP: 3/3
   806 | D:3      | Killed Blork the orc
   807 | D:3      | Reached skill level 4 in Maces & Flails
   807 | D:3      | Reached XP level 5. HP: 36/53 MP: 4/4
   952 | D:4      | Noticed a steam dragon
   997 | D:4      | Found Ympejy's Weapon Emporium.
  1003 | D:4      | Noticed Duvessa
  1004 | D:4      | Noticed Dowan
  1051 | D:4      | HP: 2/51 [Duvessa (12)]
  1053 | D:4      | Slain by Duvessa

Illustrated notes

Levels and vault maps discovered:
D:1:      sevenhm_arrival_forest_fort_small_3, layout_rooms,
          nicolae_grassy_gnolls
D:2:      layout_rooms
D:3:      layout_loops_ring, serial_shops, shop, gammafunk_ghost_stat_death,
          shapermc_ecumenical_altar_mp_vishouse, uniq_jessica
D:4:      layout_basic, serial_shops, nicolae_shop_bloodbath_and_beyond,
          uniq_blork_the_orc, uniq_duvessa

Skill      XL: |  1  2  3  4 |
---------------+-------------+-----
Fighting       | 2 3 |  3.6
Maces & Flails | 3 4 |  4.5
Throwing       | |  1.7
Dodging        | |  2.4

Action                   |  1- 3 |  4- 6 || total
-------------------------+-------+-------++-------
Melee: Flail             |    67 |    44 ||   111
       Unarmed           |       |     4 ||     4
 Stab: Sleeping          |     1 |       ||     1
Armor: Robe              |    15 |    14 ||    29
Dodge: Dodged            |    41 |    32 ||    73

Table legend: (Time is in decaauts)
 A = Elapsed time spent in this place.
 B = Non-inter-level travel time spent in this place.
 C = Inter-level travel time spent in this place.
 D = Time resting spent in this place.
 E = Time spent auto-exploring this place.
 F = Levels seen in this place.
 G = Mean time per level.
                   A        B        C        D        E       F      G
               +--------+--------+--------+--------+--------+-----+--------+
         Total |   1051 |   1029 |     22 |    160 |    231 |   4 |  262.8 |
       Dungeon |   1051 |   1029 |     22 |    160 |    231 |   4 |  262.8 |
               +--------+--------+--------+--------+--------+-----+--------+

Top non-repeatable levels by time:
     D:3: 516 daAuts
     D:4: 240 daAuts
     D:2: 203 daAuts
     D:1: 91 daAuts
